 Dungeon Crawl Stone Soup version 0.18.1-48-g4cf74bf (webtiles) character file.

46 Psiweapon the Chucker (level 3, -2/37 HPs)
             Began as an Ogre Hunter on July 1, 2016.
             Slain by an orc
             ... wielding a +0 short sword
              (6 damage)
             ... on level 2 of the Dungeon on July 2, 2016.
             The game lasted 00:07:52 (1852 turns).

Psiweapon the Chucker (Ogre Hunter)                 Turns: 1852, Time: 00:07:54

Health: -2/37      AC:  3    Str: 18    XL:     3   Next: 66%
Magic:  3/3        EV: 10    Int: 10    God:
Gold:   50         SH:  0    Dex: 10    Spells: 0 memorised, 2 levels left

rFire  . . .     SeeInvis .     n - +0 mace
rCold  . . .     Gourm    .     b - +0 robe
rNeg   . . .     Faith    .     (no shield)
rPois  .         Spirit   .     (helmet restricted)
rElec  .         Dismiss  .     (no cloak)
rCorr  .         Reflect  .     (gloves unavailable)
SustAt .         Harm     .     (boots unavailable)
MR     .....                    (no amulet)
Stlth  ..........               (no ring)
                                p - ring of loudness (curse)

@: not resistant to hostile enchantments, extremely unstealthy
A: unfitting armour, tough skin 1
a: no special abilities


You were on level 2 of the Dungeon.
You were very hungry.

You visited 1 branch of the dungeon, and saw 3 of its levels.

You collected 50 gold pieces.

Inventory:

Hand Weapons
 a - a +0 short sword
 n - a +0 mace (weapon)
Missiles
 c - 3 large rocks (quivered)
 d - 2 throwing nets
 e - 25 stones
 k - 17 bolts
Armour
 b - a +0 robe (worn)
Jewellery
 l - an uncursed ring of fire
 p - a cursed ring of loudness (left hand)
Scrolls
 g - a scroll of identify {unknown}
 h - a scroll of magic mapping {unknown}
 i - a scroll of remove curse {unknown}
 m - a scroll of teleportation {unknown}
 o - a scroll of fog {unknown}
 r - 2 scrolls of blinking {unknown}
Potions
 j - a potion of flight {unknown}
 q - 2 potions of cancellation {unknown}
Comestibles
 f - a bread ration


   Skills:
 - Level 3.1 Fighting
 + Level 2.2 Maces & Flails
 - Level 4.0 Throwing
 + Level 2.6 Dodging
 - Level 0.7 Stealth


You had 2 spell levels left.
You didn't know any spells.

Dungeon Overview and Level Annotations

Branches:
Dungeon (3/15)

Altars:


Innate Abilities, Weirdness & Mutations

You are too large for most types of armour.
You have tough skin (AC +1).


Message History

You closely miss the orc.
The orc is severely wounded.
The orc hits you with a short sword.
* * * LOW HITPOINT WARNING * * *
Throwing (i - inventory. (,) - cycle):
c - 5 large rocks (quivered)
Press: ? - help, Shift-Dir - straight line, f - orc
Aim: an orc, wielding a hand axe and wearing a leather armour You throw a large rock.
The large rock closely misses the orc. x2
The orc hits you but does no damage. The orc hits you with a short sword.
* * * LOW HITPOINT WARNING * * *
Throwing (i - inventory. (,) - cycle):
c - 4 large rocks (quivered)
Press: ? - help, Shift-Dir - straight line, f/p - orc
Aim: an orc, wielding a hand axe and wearing a leather armour You throw a large rock.
The large rock barely misses the orc.
The large rock hits the orc!!
You kill the orc!
The orc hits you with a short sword.
* * * LOW HITPOINT WARNING * * *
The orc hits you with a short sword.
You die...

############
#.)o@).....#
########.########...
#.............#
#.######.####.# #.#
#.# #.# #.# #.# #.#
#.# ##.# #.# ###..##


You could see an orc.

Vanquished Creatures
  An adder (D:2)
  An adder zombie (D:1)
  A worm (D:2)
  4 orcs (D:2)
  3 bats (D:1)
  A bat zombie (D:1)
  A giant cockroach (D:1)
  5 goblins
  3 hobgoblins
  A giant newt (D:2)
  3 kobolds (D:1)
  A rat (D:1)
25 creatures vanquished.

Notes
Turn   | Place    | Note
--------------------------------------------------------------
     0 | D:1      | Psiweapon the Ogre Hunter began the quest for the Orb.
     0 | D:1      | Reached XP level 1. HP: 22/22 MP: 1/1
   120 | D:1      | Reached XP level 2. HP: 31/31 MP: 2/2
   693 | D:1      | Reached skill level 1 in Maces & Flails
  1143 | D:1      | Reached XP level 3. HP: 9/37 MP: 3/3
  1852 | D:2      | Slain by an orc

Skill      XL: |  1  2  3 |
---------------+----------+-----
Fighting       | 3 |  3.1
Dodging        | 2 |  2.6
Maces & Flails | 1 2 |  2.2
Throwing       | |  4.0
Stealth        | |  0.7

Action                   || total
-------------------------++-------
Melee: Short sword       ||    31
       Mace              ||    59
Throw: Stone             ||    22
       Large rock        ||     4
       Throwing net      ||     1
 Stab: Held in net/web   ||     1
  Eat: Pizza             ||     1
Armor: Robe              ||    43
Dodge: Dodged            ||    51
